SKY
HOUSTON ASTROS @ VIRGINIA BLACK BEARS
07/19/2052
 
TOP OF THE 1ST
Houston Astros batting - Pitching for Virginia Black Bears : RHP Dominic Coffman
Pitching: RHP Dominic Coffman
Batting: RHB Bill Thyfault 0-0: SINGLE (Line Drive, 89M, EV 86.9 MPH)
Batting: RHB Joshua Massengill 0-0: Fly out, F7 (Flyball, 7D, EV 96.3 MPH)
Batting: LHB Owen Chandler 0-0: Called Strike
0-1: Ball
1-1: Foul Ball, location: 7LDF
1-2: Ball
2-2: Reached on error, E4 (Groundball, 4, EV 97.5 MPH)
Bill Thyfault to second
Batting: LHB Austin Mitchell 0-0: Foul Ball, location: 3FF
0-1: Ball
Wild Pitch!
Bill Thyfault to third
Owen Chandler to second
1-1: Foul Ball, location: 5SF
1-2: Foul Ball, location: 2F
1-2: Foul Ball, location: 2LF
1-2: Foul Ball, location: 2F
1-2: Ball
2-2: Fly out, F5 (Popup, 56S, EV 80.0 MPH)
Batting: RHB Stephan Davis 0-0: Ball
1-0: Called Strike
1-1: Called Strike
1-2: Ball
2-2: Ball
3-2: Strikes out looking
Top of the 1st over - 0 runs, 1 hit, 1 error, 2 left on base; Houston 0 - Virginia 0
BOTTOM OF THE 1ST
Virginia Black Bears batting - Pitching for Houston Astros : LHP Robert Stevenson
Pitching: LHP Robert Stevenson
Batting: RHB Rodd Marshall 0-0: Fly out, F9 (Flyball, 9LMF, EV 91.9 MPH)
Batting: RHB José Rosendin 0-0: Swinging Strike
0-1: Foul Ball, location: 9LMF
0-2: Ball
1-2: Strikes out swinging
Batting: LHB Reuben Brellana 0-0: Called Strike
0-1: Ball
1-1: Swinging Strike
1-2: Ground out 6-3 (Groundball, 6M, EV 88.8 MPH)
Bottom of the 1st over - 0 runs, 0 hits, 0 errors, 0 left on base; Houston 0 - Virginia 0
TOP OF THE 2ND
Houston Astros batting - Pitching for Virginia Black Bears : RHP Dominic Coffman
Batting: LHB Caleb England 0-0: Foul Ball, location: 2F
0-1: Called Strike
0-2: Strikes out swinging
Batting: LHB Vasques Cortes 0-0: Ball
1-0: Swinging Strike
1-1: Foul Ball, location: 2F
1-2: Strikes out swinging
Batting: LHB Alexander Dickerson 0-0: Swinging Strike
0-1: Foul Ball, location: 2F
0-2: Ball
1-2: Strikes out swinging
Top of the 2nd over - 0 runs, 0 hits, 0 errors, 0 left on base; Houston 0 - Virginia 0
BOTTOM OF THE 2ND
Virginia Black Bears batting - Pitching for Houston Astros : LHP Robert Stevenson
Batting: RHB Franklin Bailey 0-0: Called Strike
0-1: Swinging Strike
0-2: Ball
1-2: Foul Ball, location: 9LSF
1-2: Strikes out swinging
Batting: RHB Vic Berumen 0-0: Ball
1-0: Ground out 3-1 (Groundball, 13, EV 82.5 MPH)
Batting: SHB Richard Chilekwu 0-0: Called Strike
0-1: Ball
1-1: Swinging Strike
1-2: Foul Ball, location: 2F
1-2: Ball
2-2: SINGLE (Popup, 56D, EV 55.6 MPH)
Batting: RHB Celso Deida 0-0: Ball
1-0: Fly out, F8 (Flyball, 89S, EV 91.3 MPH)
Bottom of the 2nd over - 0 runs, 1 hit, 0 errors, 1 left on base; Houston 0 - Virginia 0
TOP OF THE 3RD
Houston Astros batting - Pitching for Virginia Black Bears : RHP Dominic Coffman
Batting: RHB Nick Burkard 0-0: Ball
1-0: Fly out, F8 (Flyball, 8RD, EV 99.4 MPH)
Batting: RHB Bill Thyfault 0-0: Swinging Strike
0-1: Called Strike
0-2: Foul Ball, location: 3F
0-2: Ball
1-2: Strikes out swinging
Batting: RHB Joshua Massengill 0-0: Ground out 4-3 (Groundball, 4, EV 84.4 MPH)
Top of the 3rd over - 0 runs, 0 hits, 0 errors, 0 left on base; Houston 0 - Virginia 0
BOTTOM OF THE 3RD
Virginia Black Bears batting - Pitching for Houston Astros : LHP Robert Stevenson
Batting: LHB Mike Fisher 0-0: Ball
1-0: Ball
2-0: Foul Ball, location: 2F
2-1: Ball
3-1: Foul Ball, location: 2F
3-2: Fly out, F7 (Flyball, 7LS, EV 91.9 MPH)
Batting: RHB Jordan Christiansen 0-0: Ball
1-0: SINGLE (Line Drive, 78S, EV 106.9 MPH)
Batting: RHB Rodd Marshall 0-0: Swinging Strike
0-1: Swinging Strike
0-2: Ball
1-2: Ball
2-2: Ball
3-2: Strikes out swinging
Batting: RHB José Rosendin 0-0: Fly out, F7 (Flyball, 7D, EV 110.6 MPH)
Bottom of the 3rd over - 0 runs, 1 hit, 0 errors, 1 left on base; Houston 0 - Virginia 0
TOP OF THE 4TH
Houston Astros batting - Pitching for Virginia Black Bears : RHP Dominic Coffman
Batting: LHB Owen Chandler 0-0: Ball
1-0: Called Strike
1-1: Ball
2-1: Ball
3-1: Foul Ball, location: 2F
3-2: Foul Ball, location: 5DF
3-2: Fly out, F7 (Line Drive, 7, EV 85.6 MPH)
Batting: LHB Austin Mitchell 0-0: Foul Ball, location: 2F
0-1: Ball
1-1: Ball
2-1: Foul Ball, location: 2F
2-2: Foul Ball, location: 2F
2-2: Ball
3-2: Base on Balls
Batting: RHB Stephan Davis 0-0: Ball
1-0: Foul Ball, location: 2F
1-1: Foul Ball, location: 5F
1-2: Foul Ball, location: 2F
1-2: Ball
2-2: Ball
3-2: Strikes out looking
Batting: LHB Caleb England 0-0: Called Strike
0-1: Ball
1-1: Ball
2-1: Foul Ball, location: 5FF
2-2: Ground out 4-3 (Groundball, 34, EV 98.1 MPH)
Top of the 4th over - 0 runs, 0 hits, 0 errors, 1 left on base; Houston 0 - Virginia 0
BOTTOM OF THE 4TH
Virginia Black Bears batting - Pitching for Houston Astros : LHP Robert Stevenson
Batting: LHB Reuben Brellana 0-0: Foul Ball, location: 7LSF
0-1: Foul Ball, location: 5FF
0-2: Strikes out looking
Batting: RHB Franklin Bailey 0-0: Ball
1-0: Called Strike
1-1: DOUBLE (Line Drive, 7LM, EV 98.8 MPH)
Batting: RHB Vic Berumen 0-0: Swinging Strike
0-1: Swinging Strike
0-2: Strikes out swinging
Batting: SHB Richard Chilekwu 0-0: Called Strike
0-1: Foul Ball, location: 25F
0-2: Ball
1-2: Ball
2-2: Foul Ball, location: 9LSF
2-2: Ground out 6-3 (Groundball, 6S, EV 83.8 MPH)
Bottom of the 4th over - 0 runs, 1 hit, 0 errors, 1 left on base; Houston 0 - Virginia 0
TOP OF THE 5TH
Houston Astros batting - Pitching for Virginia Black Bears : RHP Dominic Coffman
Batting: LHB Vasques Cortes 0-0: Ball
1-0: Ball
2-0: Ball
3-0: Called Strike
3-1: Foul Ball, location: 2F
3-2: Base on Balls
Batting: LHB Alexander Dickerson 0-0: Fly out, F5 (Popup, 5, EV 78.1 MPH)
Batting: RHB Nick Burkard 0-0: Ball
1-0: Foul Ball, location: 3FF
1-1: Ball
2-1: Foul Ball, location: 5FF
2-2: Foul Ball, location: 2F
2-2: Foul Ball, location: 2RF
2-2: Grounds into double play, 6-4-3 (Groundball, 6, EV 81.9 MPH)
Top of the 5th over - 0 runs, 0 hits, 0 errors, 0 left on base; Houston 0 - Virginia 0
BOTTOM OF THE 5TH
Virginia Black Bears batting - Pitching for Houston Astros : LHP Robert Stevenson
Batting: RHB Celso Deida 0-0: Foul Ball, location: 7LMFF
0-1: SOLO HOME RUN (Flyball, 78XD, EV 98.8 MPH), Distance : 401 ft
Batting: LHB Mike Fisher 0-0: Ball
1-0: SINGLE (Groundball, 25, EV 70.0 MPH) (infield hit)
Batting: RHB Jordan Christiansen 0-0: Bunted foul
0-1: Ball
1-1: Bunted foul
1-2: Ball
2-2: Fly out, F7 (Line Drive, 7S, EV 99.4 MPH)
Batting: RHB Rodd Marshall 0-0: Called Strike
0-1: Ball
1-1: Ball
2-1: SINGLE (Line Drive, 7LS, EV 91.9 MPH)
Mike Fisher to second
Batting: RHB José Rosendin 0-0: Called Strike
0-1: Fly out, F8 (Line Drive, 78M, EV 88.8 MPH)
Batting: LHB Reuben Brellana 0-0: Foul Ball, location: 2F
0-1: Ball
1-1: Swinging Strike
1-2: Foul Ball, location: 5F
1-2: Foul Ball, location: 2F
1-2: Strikes out swinging
Bottom of the 5th over - 1 run, 3 hits, 0 errors, 2 left on base; Houston 0 - Virginia 1
TOP OF THE 6TH
Houston Astros batting - Pitching for Virginia Black Bears : RHP Dominic Coffman
Batting: RHB Bill Thyfault 0-0: Foul Ball, location: 3FF
0-1: Foul Ball, location: 7LMF
0-2: Ball
1-2: Foul Ball, location: 23F
1-2: SINGLE (Groundball, 6MD, EV 97.5 MPH)
Batting: RHB Joshua Massengill 0-0: Ball
1-0: Called Strike
1-1: Swinging Strike
1-2: Strikes out swinging
Batting: LHB Owen Chandler 0-0: Called Strike
0-1: SINGLE (Line Drive, 56D, EV 94.4 MPH)
Bill Thyfault to second
Batting: LHB Austin Mitchell 0-0: Ball
1-0: Foul Ball, location: 2F
1-1: Called Strike
1-2: Ball
2-2: Foul Ball, location: 7LSF
2-2: Foul Ball, location: 2F
2-2: Foul Ball, location: 2F
2-2: Ball
3-2: DOUBLE (Line Drive, 78D, EV 100.6 MPH)
Bill Thyfault scores
Owen Chandler to third
Batting: RHB Stephan Davis 0-0: Swinging Strike
0-1: Swinging Strike
0-2: Strikes out looking
Batting: LHB Caleb England 0-0: Ball
1-0: Swinging Strike
1-1: Ball
2-1: Ground out U3 (Groundball, 34, EV 107.5 MPH)
Top of the 6th over - 1 run, 3 hits, 0 errors, 2 left on base; Houston 1 - Virginia 1
BOTTOM OF THE 6TH
Virginia Black Bears batting - Pitching for Houston Astros : LHP Robert Stevenson
Batting: RHB Franklin Bailey 0-0: Ball
1-0: Foul Ball, location: 5SF
1-1: Swinging Strike
1-2: Strikes out swinging
Batting: RHB Vic Berumen 0-0: Ball
1-0: Ball
2-0: Ball
3-0: Called Strike
3-1: Base on Balls
Batting: SHB Richard Chilekwu 0-0: Called Strike
0-1: Fly out, F8 (Line Drive, 8RM, EV 88.1 MPH)
Batting: RHB Celso Deida 0-0: Ball
1-0: Called Strike
1-1: Ball
2-1: Fly out, F8 (Flyball, 8LD, EV 100.0 MPH)
Bottom of the 6th over - 0 runs, 0 hits, 0 errors, 1 left on base; Houston 1 - Virginia 1
TOP OF THE 7TH
Houston Astros batting - Pitching for Virginia Black Bears : RHP Dominic Coffman
Pitching: RHP Elijah Shrigley
Batting: LHB Vasques Cortes 0-0: Ball
1-0: Ground out 5-3 (Groundball, 5L, EV 103.1 MPH)
Batting: LHB Alexander Dickerson 0-0: Ball
1-0: Swinging Strike
1-1: Swinging Strike
1-2: Ground out 6-3 (Groundball, 6D, EV 99.4 MPH)
Batting: RHB Nick Burkard 0-0: Ball
1-0: Fly out, F1 (Line Drive, P, EV 72.5 MPH)
Top of the 7th over - 0 runs, 0 hits, 0 errors, 0 left on base; Houston 1 - Virginia 1
BOTTOM OF THE 7TH
Virginia Black Bears batting - Pitching for Houston Astros : LHP Robert Stevenson
Batting: LHB Mike Fisher 0-0: Called Strike
0-1: Ball
1-1: Ball
2-1: Foul Ball, location: 7LSF
2-2: Ball
3-2: Foul Ball, location: 23FF
3-2: Strikes out swinging, 2-3 out at first.
Batting: RHB Jordan Christiansen 0-0: DOUBLE (Flyball, 78D, EV 94.4 MPH)
Batting: RHB Rodd Marshall 0-0: Ball
1-0: SINGLE (Line Drive, 9LS, EV 110.6 MPH)
Jordan Christiansen to third
Pitching: RHP Jason Phillips
Batting: RHB José Rosendin 0-0: Fielders Choice at 2nd, 6-4 (Groundball, 6, EV 90.0 MPH)
Jordan Christiansen scores
Batting: LHB Reuben Brellana 0-0: Ball
1-0: Called Strike
1-1: Called Strike
1-2: Ball
2-2: Strikes out swinging
Bottom of the 7th over - 1 run, 2 hits, 0 errors, 1 left on base; Houston 1 - Virginia 2
TOP OF THE 8TH
Houston Astros batting - Pitching for Virginia Black Bears : RHP Elijah Shrigley
Batting: RHB Bill Thyfault 0-0: SINGLE (Flyball, 9S, EV 96.3 MPH)
Batting: RHB Joshua Massengill 0-0: Ball
1-0: Ball
2-0: SINGLE (Flyball, 89S, EV 95.6 MPH)
Bill Thyfault to second
Runner from 2nd tries for 3rd, SAFE, throw by RF made to third
Batting: LHB Owen Chandler 0-0: Ball
1-0: Ball
2-0: Swinging Strike
2-1: Called Strike
2-2: Foul Ball, location: 3F
2-2: Foul Ball, location: 2F
2-2: Ball
3-2: Foul Ball, location: 2F
3-2: Foul Ball, location: 2F
3-2: Ground out 4-3 (Groundball, 34, EV 85.0 MPH)
Bill Thyfault scores
Joshua Massengill to second
Batting: LHB Austin Mitchell 0-0: SINGLE (Flyball, 8LS, EV 91.3 MPH)
Joshua Massengill to third
Batting: RHB Stephan Davis 0-0: Ball
1-0: Fly out, F8 (Flyball, 8RD, EV 108.1 MPH)
Batting: LHB Caleb England 0-0: Called Strike
0-1: Swinging Strike
0-2: Ball
1-2: Strikes out swinging
Top of the 8th over - 1 run, 3 hits, 0 errors, 2 left on base; Houston 2 - Virginia 2
BOTTOM OF THE 8TH
Virginia Black Bears batting - Pitching for Houston Astros : RHP Jason Phillips
Batting: RHB Franklin Bailey 0-0: Foul Ball, location: 23FF
0-1: Foul Ball, location: 5FF
0-2: Ball
1-2: Strikes out looking
Batting: RHB Vic Berumen 0-0: Ball
1-0: Ball
2-0: Swinging Strike
2-1: Foul Ball, location: 2F
2-2: Strikes out swinging
Batting: SHB Richard Chilekwu 0-0: Called Strike
0-1: Ball
1-1: Ground out U3 (Groundball, 3, EV 88.8 MPH)
Bottom of the 8th over - 0 runs, 0 hits, 0 errors, 0 left on base; Houston 2 - Virginia 2
TOP OF THE 9TH
Houston Astros batting - Pitching for Virginia Black Bears : RHP Elijah Shrigley
Batting: LHB Vasques Cortes 0-0: Called Strike
0-1: Ball
1-1: Fly out, F6 (Popup, 6, EV 78.8 MPH)
Batting: LHB Alexander Dickerson 0-0: Foul Ball, location: 7LMF
0-1: Ball
1-1: Ball
2-1: Called Strike
2-2: Strikes out looking
Batting: RHB Nick Burkard 0-0: Ball
1-0: Foul Ball, location: 7LSF
1-1: Foul Ball, location: 2F
1-2: Foul Ball, location: 5FF
1-2: Ground out 5-3 (Groundball, 56S, EV 74.4 MPH)
Top of the 9th over - 0 runs, 0 hits, 0 errors, 0 left on base; Houston 2 - Virginia 2
BOTTOM OF THE 9TH
Virginia Black Bears batting - Pitching for Houston Astros : RHP Jason Phillips
Pinch Hitting: LHB Daniel Corona 0-0: Ball
1-0: Foul Ball, location: 2F
1-1: Called Strike
1-2: Foul Ball, location: 7LDF
1-2: Ball
2-2: Foul Ball, location: 23FF
2-2: SINGLE (Line Drive, 4M, EV 98.8 MPH)
Batting: LHB Mike Fisher 0-0: Foul Ball, location: 3SF
0-1: Swinging Strike
0-2: Foul Ball, location: 2F
0-2: Strikes out swinging
Batting: RHB Jordan Christiansen 0-0: Sac Bunt to 3S - play at first, batter OUT! 3-4
Daniel Corona to second
Batting: RHB Rodd Marshall 0-0: Called Strike
0-1: Foul Ball, location: 2LF
0-2: Ball
1-2: Ball
2-2: Strikes out looking
Bottom of the 9th over - 0 runs, 1 hit, 0 errors, 1 left on base; Houston 2 - Virginia 2
TOP OF THE 10TH
Houston Astros batting - Pitching for Virginia Black Bears : RHP Elijah Shrigley
Pitching: RHP R.J. Slaven
Now at SS: Daniel Corona
Batting: RHB Bill Thyfault 0-0: Called Strike
0-1: Swinging Strike
0-2: Ball
1-2: Ground out 6-3 (Groundball, 6M, EV 88.1 MPH)
Batting: RHB Joshua Massengill 0-0: Ball
1-0: Foul Ball, location: 3F
1-1: Fly out, F9 (Flyball, 9, EV 93.8 MPH)
Batting: LHB Owen Chandler 0-0: Ball
1-0: Swinging Strike
1-1: Foul Ball, location: 2F
1-2: Strikes out swinging
Top of the 10th over - 0 runs, 0 hits, 0 errors, 0 left on base; Houston 2 - Virginia 2
BOTTOM OF THE 10TH
Virginia Black Bears batting - Pitching for Houston Astros : RHP Jason Phillips
Pitching: RHP Austin Norris
Batting: RHB José Rosendin 0-0: Ball
1-0: Foul Ball, location: 9LSF
1-1: Called Strike
1-2: SOLO HOME RUN (Flyball, 8RXD, EV 110.6 MPH), Distance : 432 ft
Bottom of the 10th over - 1 run, 1 hit, 0 errors, 0 left on base; Houston 2 - Virginia 3
Monday, April 29th , 2024 - OOTP Baseball 24.11 Build 85